Map: Dusk Towers

Players

REKRUTgg

  • Race: Terran Terran
  • League: Grandmaster

Miszu - Winner!

  • Race: Terran Terran
  • League: Master

VOD

Have the link to the VOD?

Description

Time

  • Played on: March 12, 2016, 4:16 p.m.
  • Length: 17:07
Show
View Real Time Build Order
Export as new Build Order

REKRUTgg Terran 

Build Orders: Reaper Expand, Bio Tank 

Get SALT Encoding   

  12  0:01  SCV  
  13  0:13  SCV  
  14  0:18  Supply Depot  
  14  0:25  SCV  
  15  0:39  SCV  
  15  0:42  Barracks  
  16  0:46  Refinery  
  16  0:51  SCV  
  17  1:03  SCV  
  18  1:16  SCV  
  19  1:28  Orbital Command  
  19  1:32  Reaper  
  20  1:42  Command Center  
  20  1:54  Supply Depot  
  20  1:55  SCV  
  21  2:05  Barracks Reactor  
  21  2:07  SCV  
  22  2:09  Refinery  
  22  2:19  SCV  
  23  2:28  Factory  
  23  2:32  SCV  
  23  2:41  Marine x2  
  23  2:44  SCV  
  26  2:56  SCV  
  27  2:59  Marine x2, Orbital Command  
  29  3:08  SCV  
  30  3:13  Starport, Widow Mine  
  30  3:17  Marine x2  
  34  3:20  SCV  
  34  3:22  Engineering Bay  
  34  3:26  SCV  
  36  3:32  SCV  
  37  3:36  Marine x2  
  37  3:38  SCV  
  40  3:42  Factory Tech Lab  
  40  3:49  SCV  
  40  3:52  Supply Depot  
  40  3:53  Medivac  
  44  3:55  SCV  
  44  4:01  Supply Depot, SCV  
  45  4:08  SCV  
  46  4:14  Cyclone  
  49  4:17  Missile Turret  
  49  4:18  SCV  
  50  4:26  Command Center  
  50  4:29  Marine x2  
  52  4:32  Viking  
  52  4:36  SCV x2  
  56  4:47  Marine x2  
  56  4:48  SCV  
  57  4:56  Siege Tank  
  57  5:05  Marine x2  
  57  5:11  SCV  
  57  5:13  SCV  
  52  5:28  Starport Reactor  
  50  5:32  Barracks  
  50  5:33  Barracks  
  50  5:34  Barracks  
  50  5:35  SCV x2  
  50  5:36  Refinery  
  50  5:37  Refinery  
  50  5:39  Barracks  
  50  5:42  Barracks Tech Lab  
  50  5:43  Orbital Command  
  50  5:49  SCV  
  51  5:50  SCV  
  52  6:01  SCV  
  52  6:02  SCV, Missile Turret  
  52  6:03  Siege Tank  
  57  6:10  Stimpack  
  57  6:11  SCV  
  58  6:13  SCV  
  58  6:14  SCV  
  58  6:23  SCV  
  59  6:25  SCV  
  59  6:26  Supply Depot  
  59  6:30  Medivac x2  
  64  6:33  SCV  
  64  6:35  Supply Depot, Barracks Reactor  
  64  6:38  Barracks Reactor  
  65  6:41  SCV  
  65  6:42  Supply Depot, SCV  
  65  6:45  SCV  
  65  6:46  Marine x2  
  70  6:47  Barracks Reactor  
  70  6:52  Missile Turret  
  70  6:53  SCV  
  71  6:55  Supply Depot  
  71  6:56  Siege Tank  
  71  6:59  SCV  
  75  7:04  Viking  
  77  7:09  Viking  
  77  7:11  SCV  
  77  7:14  Missile Turret  
  80  7:15  Missile Turret  
  80  7:16  Marine x2  
  80  7:20  Marine x2, Missile Turret  
  84  7:28  Terran Infantry Weapons Level 1  
  84  7:29  Marine x2  
  86  7:34  Marine x2  
  88  7:44  Siege Tank  
  88  7:45  Marine x2  
  88  7:50  Marine  
  88  7:51  Marine x2  
  96  7:53  Medivac  
  95  7:59  Marine x2  
  95  8:00  Marine  
  95  8:01  Supply Depot, Medivac  
  95  8:02  Orbital Command  
  95  8:03  Supply Depot  
  100  8:11  Combat Shields  
  100  8:12  Marine x3  
  103  8:16  Siege Tank  
  103  8:18  Engineering Bay  
  106  8:22  Marine, Missile Turret  
  106  8:23  Sensor Tower  
  107  8:30  Marine x3  
  107  8:32  Marine x2  
  107  8:33  SCV x2  
  114  8:35  SCV  
  115  8:45  SCV  
  115  8:47  Marine x2  
  118  8:54  Terran Infantry Armor Level 1  
  118  8:57  Armory  
  118  8:59  Marine x3  
  121  9:04  Factory, Refinery  
  121  9:05  Supply Depot  
  121  9:06  Siege Tank  
  121  9:09  Supply Depot, Marine  
  125  9:13  Marine  
  125  9:18  Supply Depot, Marine x2  
  125  9:19  Supply Depot  
  105  9:36  Marine x4  
  105  9:37  Medivac x2  
  105  9:38  Marine x2, Siege Tank  
  115  9:41  Command Center  
  115  9:53  Terran Infantry Weapons Level 2  
  115  9:54  Marine x2, Refinery  
  115  9:59  Missile Turret  
  117  10:00  Marine x4  
  117  10:01  Factory Tech Lab  
  117  10:04  Marine  
  117  10:05  Missile Turret  
  117  10:06  Terran Vehicle Weapons Level 1  
  122  10:08  SCV x2  
  122  10:13  Marine x2  
  126  10:18  Marine x3  
  126  10:19  Siege Tank  
  132  10:24  SCV x3  
  132  10:28  Marine x3  
  137  10:30  Siege Tank  
  134  10:57  Marine x2  
  134  10:58  Medivac x2, Siege Tank  
  143  11:06  Marine x2  
  143  11:07  Marine, Siege Tank  
  149  11:12  Barracks  
  149  11:14  Barracks x2  
  148  11:23  Terran Infantry Armor Level 2  
  148  11:27  Marine x2  
  148  11:30  Siege Tank  
  148  11:32  Marine x2  
  154  11:39  Siege Tank  
  158  11:40  Marine x3  
  158  11:42  Marine x2  
  163  11:53  Marine x3  
  163  11:54  Marine  
  158  11:58  Marine x2  
  158  11:59  Marine  
  158  12:00  Marine  
  158  12:01  Barracks Reactor x2  
  159  12:02  Siege Tank  
  162  12:11  Siege Tank  
  165  12:20  Marine x3  
  165  12:21  Marine  
  165  12:22  Marine  
  168  12:28  Marine x2  
  168  12:29  Marine  
  159  12:34  Siege Tank  
  154  12:39  Marine x2  
  154  12:40  Medivac x2  
  154  12:43  Siege Tank  
  137  12:45  Marine x2  
  137  12:46  Marine x2  
  137  12:48  Marine x2  
  138  12:53  Marine x2  
  130  13:06  Marine  
  130  13:07  Marine x4, Siege Tank  
  130  13:08  Marine x2  
  130  13:09  Marine  
  130  13:12  Planetary Fortress  
  141  13:15  Siege Tank  
  141  13:19  Terran Infantry Weapons Level 3  
  144  13:21  Marine  
  145  13:27  Marine  
  145  13:28  Marine x3  
  136  13:49  Marine x4  
  136  13:51  Marine x2  
  132  13:56  Marine  
  132  13:57  Marine x5  
  132  13:59  Siege Tank x2  
  132  14:00  Medivac  
  146  14:05  Marine x2  
  146  14:08  Marine  
  149  14:10  Marine  
  121  14:20  Marine x2  
  121  14:21  Marine  
  121  14:23  Marine x3  
  127  14:25  SCV x2  
  127  14:27  Barracks Reactor  
  127  14:31  Siege Tank  
  132  14:33  Marine x3  
  132  14:35  Siege Tank  
  138  14:39  Marine x2  
  140  14:59  Marine  
  140  15:00  Marine  
  102  15:08  Marine x2, Siege Tank  
  102  15:10  Marine  
  102  15:11  Marine x2, Siege Tank  
  102  15:12  Marine x2  
  102  15:13  Marine  
  111  15:15  Marine x2  
  111  15:20  Marine x3  
  116  15:26  Marine x3  
  119  15:29  Marine x2  
  111  15:38  Marine x3  
  109  15:47  Marine x3  
  112  15:50  Marine  
  113  15:59  Marine x2  
  107  16:07  Marine  
  107  16:08  Marine  
  107  16:10  Marine  
  106  16:14  Marine  
  106  16:15  Orbital Command  
  107  16:24  Marine x2  
  109  16:26  Marine  
  110  16:46  Marine x2  
Show
View Real Time Build Order
Export as new Build Order

Miszu Terran - Winner!

Build Orders: Bio Tank 

Get SALT Encoding   

  12  0:00  SCV  
  13  0:12  SCV  
  14  0:21  Supply Depot  
  14  0:25  SCV  
  15  0:42  SCV  
  16  0:44  Barracks  
  16  0:46  Refinery  
  16  0:54  SCV  
  17  1:06  SCV  
  18  1:18  SCV  
  19  1:31  Orbital Command  
  19  1:33  Barracks Reactor  
  19  1:42  Command Center  
  18  1:56  Supply Depot  
  18  1:57  SCV  
  19  2:09  SCV  
  19  2:10  Marine x2  
  22  2:15  Factory  
  22  2:22  SCV  
  23  2:24  Refinery  
  23  2:34  Marine x2  
  23  2:35  SCV  
  26  2:47  SCV  
  27  2:54  Orbital Command  
  27  2:56  Marine x2  
  29  2:59  SCV  
  29  3:02  Starport  
  30  3:07  Factory Tech Lab  
  30  3:11  SCV  
  31  3:17  Marine x2  
  34  3:20  SCV  
  34  3:23  SCV  
  34  3:24  Widow Mine  
  37  3:31  Supply Depot  
  37  3:32  SCV  
  38  3:34  Marine  
  38  3:35  Marine, SCV  
  38  3:40  Medivac  
  43  3:44  SCV  
  43  3:47  Supply Depot  
  43  3:48  SCV  
  45  3:52  Marine x2  
  47  3:56  SCV  
  47  3:58  Siege Tank  
  51  4:03  SCV  
  51  4:08  SCV  
  53  4:14  Marine x2  
  53  4:15  Viking  
  57  4:17  SCV  
  57  4:19  Supply Depot  
  58  4:26  SCV  
  58  4:29  Barracks, SCV  
  60  4:31  Barracks  
  60  4:32  Marine  
  61  4:41  Supply Depot, Siege Tank  
  61  4:42  SCV  
  61  4:43  Refinery  
  61  4:44  SCV  
  66  5:04  SCV x2  
  66  5:05  Marine x2  
  66  5:16  SCV  
  66  5:17  SCV  
  65  5:26  Starport Reactor, Barracks Tech Lab x2  
  63  5:29  SCV x2  
  63  5:31  Refinery  
  63  5:32  Command Center  
  63  5:35  Engineering Bay  
  65  5:41  SCV x2  
  67  5:44  Stimpack  
  67  5:45  Combat Shields  
  66  5:53  SCV x2  
  66  5:54  Marine x2  
  66  5:56  Marine x2  
  72  6:04  Supply Depot  
  72  6:05  SCV x2  
  72  6:06  Supply Depot, Terran Infantry Weapons Level 1  
  72  6:11  Siege Tank  
  77  6:12  Marine  
  78  6:26  Supply Depot, Marine x3, Medivac x2  
  78  6:31  Marine, Barracks  
  78  6:32  Barracks  
  86  6:42  SCV  
  86  6:43  Marine, Siege Tank, SCV  
  86  6:44  Marine x2  
  94  6:47  Orbital Command  
  94  6:49  Marine  
  94  6:50  Supply Depot  
  95  6:56  Medivac  
  97  7:01  Marine x3  
  97  7:04  Medivac  
  102  7:10  Supply Depot, Orbital Command  
  102  7:11  Marine  
  102  7:15  Siege Tank, SCV x2  
  107  7:19  Marine  
  109  7:26  Marine  
  109  7:27  Barracks Reactor, SCV  
  109  7:28  Barracks Reactor, SCV  
  112  7:33  Marine  
  112  7:34  Marine  
  113  7:37  Marine  
  113  7:39  SCV  
  113  7:40  SCV  
  113  7:41  Armory  
  113  7:42  Engineering Bay  
  113  7:48  Marine  
  114  7:51  Marine  
  114  7:52  Marine, SCV x3  
  114  7:55  Marine  
  114  7:56  Refinery x2  
  120  8:00  Terran Infantry Armor Level 1  
  120  8:04  Marine, SCV  
  122  8:06  Sensor Tower  
  122  8:08  Supply Depot, Sensor Tower, SCV  
  122  8:09  Supply Depot, SCV  
  124  8:16  SCV  
  125  8:20  SCV  
  125  8:21  Supply Depot, SCV  
  125  8:25  Supply Depot, Marine  
  128  8:28  Supply Depot  
  128  8:29  Siege Tank, SCV  
  128  8:33  Factory  
  132  8:34  Medivac  
  132  8:35  Medivac  
  132  8:40  Terran Infantry Weapons Level 2  
  132  8:41  Terran Vehicle Weapons Level 1  
  135  8:44  Marine x2  
  135  8:47  Marine x5  
  142  8:51  Supply Depot  
  142  8:53  Supply Depot, Marine  
  143  9:01  Siege Tank  
  143  9:02  Marine  
  147  9:03  Marine  
  147  9:04  Medivac  
  147  9:05  Marine x3  
  147  9:07  Marine  
  147  9:08  Marine  
  155  9:11  Marine  
  150  9:29  Marine  
  111  9:33  Siege Tank  
  111  9:34  Marine  
  111  9:35  Marine x6  
  111  9:36  Factory Tech Lab  
  111  9:38  Medivac x2  
  115  9:47  Marine  
  115  9:50  Command Center  
  115  9:52  Marine  
  117  9:53  Marine  
  117  9:56  Marine x3  
  121  10:02  Marine x2  
  121  10:03  Siege Tank  
  121  10:05  Marine, Siege Tank  
  130  10:08  Terran Infantry Armor Level 2, Medivac  
  130  10:10  Medivac  
  134  10:15  SCV  
  134  10:19  Marine  
  136  10:22  Marine x2  
  136  10:23  Marine x5  
  143  10:35  Siege Tank  
  146  10:36  Marine  
  146  10:37  Siege Tank  
  146  10:40  Marine x4  
  135  10:43  Marine  
  135  10:44  Marine x2  
  135  10:47  Medivac  
  140  10:54  Marine  
  131  10:58  Marine x4  
  131  11:01  Marine  
  131  11:02  Marine x2, Medivac  
  138  11:05  Terran Infantry Weapons Level 3  
  138  11:07  Siege Tank, Planetary Fortress  
  138  11:09  Siege Tank  
  138  11:11  Refinery  
  144  11:12  Refinery, Reaper  
  144  11:15  Marine  
  144  11:16  Marine x2  
  144  11:17  Medivac  
  150  11:27  Marine  
  150  11:29  Marine x2  
  150  11:30  Marine  
  154  11:37  Marine x2  
  154  11:38  Marine  
  154  11:39  Siege Tank  
  159  11:41  Siege Tank  
  159  11:44  Marine  
  159  11:45  Marine  
  163  11:47  Marine x2  
  163  11:48  Marine  
  151  11:55  Marine x2  
  151  11:56  Marine, Medivac x2  
  158  12:02  Marine  
  158  12:03  Marine, Terran Vehicle Weapons Level 2  
  158  12:05  Marine x2  
  158  12:06  Marine  
  163  12:11  Siege Tank  
  163  12:13  Marine x3, Siege Tank  
  172  12:20  Marine  
  165  12:26  Marine  
  156  12:31  Marine  
  156  12:32  Marine  
  156  12:34  Marauder  
  144  12:43  Siege Tank  
  106  12:48  Marine  
  106  12:49  Marine x5  
  106  12:50  Marine  
  105  12:53  Siege Tank  
  105  12:55  Marine  
  98  13:06  Marine  
  98  13:07  Marine x5  
  98  13:08  Marine  
  103  13:13  Marine, Medivac x2  
  108  13:24  Marine x4  
  108  13:25  Marine x3  
  108  13:26  Siege Tank x2  
  121  13:31  Marine  
  111  13:42  Marine x5  
  111  13:43  Marine x2, Medivac  
  113  13:49  Marine  
  112  13:58  Siege Tank  
  112  13:59  Siege Tank  
  112  14:00  Marine x6  
  112  14:01  Marine  
  125  14:06  Marine  
  113  14:17  Marine  
  113  14:18  Marine x5  
  113  14:19  Marine  
  113  14:22  Medivac x2  
  124  14:24  Marine  
  124  14:30  Siege Tank  
  124  14:31  Siege Tank  
  131  14:33  Sensor Tower  
  131  14:35  Marine  
  131  14:36  Marine x5  
  131  14:37  Marine  
  138  14:42  Marine  
  139  14:50  SCV  
  139  14:51  Refinery  
  139  14:53  Marine  
  139  14:54  Marine x5  
  139  14:59  Orbital Command  
  144  15:05  Marine  
  144  15:06  Marine  
  138  15:11  Marine x5  
  138  15:12  Marine  
  142  15:21  Siege Tank  
  142  15:23  Marine  
  142  15:24  Marine  
  150  15:29  Marine x2  
  150  15:35  SCV  
  153  15:45  Marine  
  153  15:46  Marine x3  
  157  15:50  Marine  
  157  15:51  Marine x3  
  157  15:53  Siege Tank  
  158  16:03  Marine  
  158  16:04  Marine x2  
  151  16:09  Factory Tech Lab  
  152  16:15  Marine x2  
  154  16:23  Marine x5  
  154  16:24  Medivac  
  161  16:26  Siege Tank  
  161  16:27  Marine  
  161  16:30  SCV x4  
Tags
 
Add a new tag
Caveats
  • Supply blocks, unpowered buildings, or Contaminate may cause inaccurate times.
  • Supply counts are checked every 10 seconds.